 Dungeon Crawl Stone Soup version 0.25.0-11-g1f837a76a1 (webtiles) character file.

Game seed: 17938467235368286040

1348 kalagan the Cudgeler (level 8, -1/49 HPs)
             Began as a Gargoyle Fighter on June 27, 2020.
             Was a Follower of the Shining One.
             Slain by an orc warrior
             ... wielding a +0 glaive
              (15 damage)
             ... on level 6 of the Dungeon.
             The game lasted 00:11:25 (5424 turns).

kalagan the Cudgeler (Gargoyle Fighter)             Turns: 5424, Time: 00:11:27

Health: -1/49      AC: 16    Str: 21    XL:     8   Next: 63%
Magic:  8/8        EV:  7    Int: 16    God:    the Shining One [*.....]
Gold:   186        SH:  9    Dex:  9    Spells: 7/7 levels left

rFire    + + .     SeeInvis .   r - +0 mace (venom)
rCold    + . .     Gourm    .   c - +0 kite shield
rNeg     + . .     Faith    .   u - +0 chain mail
rPois    ∞         Spirit   .   (no helmet)
rElec    +         Reflect  .   x - scarf {rC+ rF+}
rCorr    .         Harm     .   (no gloves)
MR       .....                  j - +0 pair of boots
Stlth    ..........             n - amulet of regeneration
HPRegen  0.56/turn              h - ring of protection from fire
MPRegen  0.11/turn              s - +6 ring of intelligence

@: glowing
A: negative energy resistance 1, electricity resistance, unbreathing,
petrification resistance, rot immunity, AC +5
a: Renounce Religion


You were on level 6 of the Dungeon.
You worshipped the Shining One.
The Shining One was aware of your devotion.
You were not hungry.

You visited 2 branches of the dungeon, and saw 7 of its levels.

You collected 341 gold pieces.
You spent 155 gold pieces at shops.

Inventory:

Hand Weapons
 a - a +0 flail
 r - a +0 mace of venom (weapon)
Missiles
 g - 5 curare-tipped darts (quivered)
Armour
 b - a +0 scale mail
 c - a +0 kite shield (worn)
 e - a +0 cloak
 j - a +0 pair of boots (worn)
 u - a +0 chain mail (worn)
 x - a scarf of resistance (worn)
Jewellery
 h - a ring of protection from fire (left hand)
 n - an amulet of regeneration (around neck)
 s - a +6 ring of intelligence (right hand)
Scrolls
 d - 2 scrolls of magic mapping
 k - 4 scrolls of teleportation
 m - a scroll of remove curse
 o - 4 scrolls of blinking
 v - 2 scrolls of identify
 w - 3 scrolls of amnesia {unknown}
 y - 3 scrolls of fog
 z - 2 scrolls of silence
Potions
 i - 3 potions of curing
 l - a potion of flight {unknown}
 p - a potion of berserk rage
 q - a potion of heal wounds
 t - a potion of haste {unknown}
 B - 2 potions of lignification {unknown}
 D - a potion of resistance {unknown}
Comestibles
 f - 13 rations
 A - 10 chunks of flesh


   Skills:
 + Level 5.2 Fighting
 * Level 5.5 Maces & Flails
 + Level 2.5 Throwing
 + Level 5.1 Armour
 * Level 4.1 Dodging
 + Level 5.1 Shields


You had 7 spell levels left.
You didn't know any spells.
Your spell library contained the following spells:

 Spells                   Type           Power        Failure   Level  Hunger
 Animate Skeleton         Necr           N/A          100%        1    ##.....
 Beastly Appendage        Tmut           #.....       100%        1    ##.....
 Pain                     Necr           #...         100%        1    ##.....
 Sticks to Snakes         Tmut           #.......     100%        2    ###....
 Spider Form              Tmut/Pois      #.........   100%        3    ####...
 Vampiric Draining        Necr           #.........   100%        3    ####...
 Animate Dead             Necr           N/A          100%        4    #####..
 Ice Form                 Ice/Tmut       #.......     100%        4    #####..
 Agony                    Necr           #.......     100%        5    ######.
 Blade Hands              Tmut           #.........   100%        5    ######.


Dungeon Overview and Level Annotations

Branches:
Dungeon (6/15)             Temple (1/1) D:5

Altars:
Ashenzari
Cheibriados
Dithmenos
Elyvilon
Fedhas
Gozag
Kikubaaqudgha
Makhleb
Okawaru
Qazlal
Ru
Sif Muna
Trog
Uskayaw
Vehumet
Xom
Yredelemnul
Zin
The Shining One

Shops:
D:4 ?   D:6 [


Innate Abilities, Weirdness & Mutations

You are resistant to torment.
Your stone body is resilient. (AC +5)
You are immune to poison.
You resist negative energy. (rN+)
You are resistant to electric shocks. (rElec)
You can survive without breathing.
You are immune to petrification.
You are immune to rotting.


Message History

The orc priest shouts!
An orc warrior comes into view. It is wielding a +0 glaive.
The orc priest closely misses you.
You hit the orc priest.
The orc priest is poisoned.
The orc priest is lightly wounded.
The orc priest invokes the aid of Beogh against you.
Beogh smites you!
You thump the orc priest!
The orc priest looks as sick as possible!
The orc priest is severely wounded.
The orc priest invokes the aid of Beogh against you.
Beogh smites you!
You hit the orc priest.
You kill the orc priest!
The Shining One accepts your kill.
The orc priest invokes the aid of Beogh against you.
Beogh smites you!
* * * LOW HITPOINT WARNING * * *
The orc warrior hits you from afar with a +0 glaive!
You die...

#..# ##.#... #..#
#...... #..# #......
#..######.##...
#..)...# .#.###
#.####.# .. #
#=####.#..#.###
#########...)..........
#..oo)@........#..###.#
#.##############.......
#...##.# #...##..
#..<.... #### #.#.#..P
..... #.#.#..P
...<.##.#.....
..............


You could see an orc warrior and an orc priest.

Vanquished Creatures
  4 ogres
  A bullfrog (D:5)
  A scorpion (D:5)
  2 crimson imps
  A jelly (D:5)
  4 hounds
  Crazy Yiuf (D:4)
  5 orc priests
  An iguana (D:6)
  5 orc wizards
  2 worker ants
  A worker ant zombie (D:5)
  A howler monkey skeleton (D:6)
  7 adders
  A shadow imp (D:5)
  An ooze (D:2)
  An adder zombie (D:5)
  4 worms
  2 dart slugs
  6 leopard geckos
  32 orcs
  A ball python (D:2)
  8 giant cockroaches
  9 hobgoblins
  12 jackals
  5 quokkas
  8 bats
  8 frilled lizards
  7 goblins
  7 kobolds
  2 leopard gecko skeletons
  A quokka zombie (D:5)
  9 rats
160 creatures vanquished.

Vanquished Creatures (others)
  An orc wizard (D:4)
1 creature vanquished.

Grand Total: 161 creatures vanquished

Notes
Turn   | Place    | Note
-------+----------+-------------------------------------------
     0 | D:1      | kalagan the Gargoyle Fighter began the quest for the Orb.
     0 | D:1      | Reached XP level 1. HP: 14/14 MP: 1/1
   168 | D:1      | Reached XP level 2. HP: 8/19 MP: 2/2
   753 | D:1      | Reached XP level 3. HP: 20/23 MP: 3/3
   793 | D:1      | Reached skill level 1 in Dodging
  1134 | D:2      | Reached XP level 4. HP: 27/28 MP: 4/4
  1433 | D:2      | Reached XP level 5. HP: 26/33 MP: 5/5
  1893 | D:3      | Reached XP level 6. HP: 38/38 MP: 6/6
  2974 | D:4      | Found a runed translucent door.
  2975 | D:4      | Noticed Crazy Yiuf
  3054 | D:4      | Reached skill level 1 in Throwing
  3204 | D:4      | Reached XP level 7. HP: 43/44 MP: 7/7
  3353 | D:4      | Found Vait Ode's Magic Scroll Shoppe.
  3361 | D:4      | Bought a scroll of identify for 20 gold pieces
  3361 | D:4      | Bought a scroll of fog for 20 gold pieces
  3361 | D:4      | Bought a scroll of identify for 20 gold pieces
  3361 | D:4      | Bought a scroll of identify for 20 gold pieces
  3361 | D:4      | Bought a scroll of silence for 75 gold pieces
  3724 | D:4      | Killed Crazy Yiuf
  3770 | D:5      | Entered Level 5 of the Dungeon
  4012 | D:5      | Found a staircase to the Ecumenical Temple.
  4062 | Temple   | Entered the Ecumenical Temple
  4170 | Temple   | Became a worshipper of the Shining One
  4353 | D:5      | Reached XP level 8. HP: 38/48 MP: 8/8
  4415 | D:5      | Reached skill level 5 in Maces & Flails
  4588 | D:5      | Reached skill level 5 in Fighting
  4647 | D:5      | Found a glowing silver altar of Zin.
  4936 | D:6      | Reached skill level 5 in Armour
  5220 | D:6      | Reached skill level 5 in Shields
  5252 | D:6      | Found Jusetid's Antique Armour Emporium.
  5419 | D:6      | Reached * piety under the Shining One
  5424 | D:6      | Slain by an orc warrior

Illustrated notes

Levels and vault maps discovered:
D:1:      evilmike_arrival_crescent, layout_basic
D:2:      cheibrodos_pilgrimage, layout_rooms, first_ration
D:3:      layout_loops_corners
D:4:      minmay_recursive_quarters, layout_basic, serial_shops,
          nicolae_shop_crystal, minmay_misc_feat_more_columns,
          uniq_crazy_yiuf_cottage
D:5:      layout_gridville, zin_statuary, minmay_temple_entry_slanted,
          minmay_misc_feat_nine_boxes
D:6:      layout_loops_ring, serial_shops, nicolae_shop_overgrown_old_shop,
          doesnt_xom_only_xom
Temple:   dpeg_five_rooms_temple

Skill      XL: |  1  2  3  4  5  6  7  8 |
---------------+-------------------------+-----
Dodging        | 1 2 3 4 |  4.1
Maces & Flails | 3 4 5 |  5.5
Fighting       | 4 5 |  5.2
Armour         | 4 5 |  5.1
Shields        | 4 5 |  5.1
Throwing       | 1 2 |  2.5

Action                   |  1- 3 |  4- 6 |  7- 9 || total
-------------------------+-------+-------+-------++-------
Melee: Flail             |   213 |   340 |    43 ||   596
       Mace              |       |       |   163 ||   163
Throw: Dart              |       |       |     4 ||     4
  Use: Scroll            |     2 |     5 |     3 ||    10
       Potion            |       |     1 |       ||     1
  Eat: Chunk             |     1 |     8 |     7 ||    16
Armor: Scale mail        |   137 |   156 |       ||   293
       Chain mail        |       |     2 |   148 ||   150
Dodge: Dodged            |    91 |   137 |    61 ||   289
Block: Kite shield       |   126 |   181 |   104 ||   411
